 Dungeon Crawl Stone Soup version 0.15-a0-1206-g3bad1a6 (console) character file.

8876 SlowMonk the Nimble (level 11, -8/67 HPs)
             Began as an Octopode Gladiator on June 1, 2014.
             Was an Elder of Cheibriados.
             Mangled by a spiny frog (17 damage)
             ... on Level 5 of the Lair of Beasts.
             The game lasted 00:27:26 (4227 turns).

SlowMonk the Nimble (Octopode Gladiator)            Turns: 4227, Time: 00:27:26

HP  -8/67        AC  7     Str 24      XL: 11   Next: 37%
MP  21/21        EV 28     Int 22      God: Cheibriados [****..]
Gold 444         SH  0     Dex 22      Spells:  1 memorised,  4 levels left

rFire  . . .     SeeInvis +     a - +1,+0 quarterstaff (venom)
rCold  . . .     Clarity  .     (no shield)
rNeg   + . .     rCorr    .     M - +2 hat
rPois  .         rRot     .     (no amulet)
rElec  .         Spirit   .     b - +4 ring of protection
SustAb .         Warding  .     l - ring of teleport control
rMut   .         Stasis   .     n - +4 ring of evasion
Gourm  .                        C - ring of stealth
MR     .....                    G - ring of positive energy
                                e - ring of regeneration
                                T - ring of see invisible
                                J - ring of flight

@: very slow, not resistant to hostile enchantments, stealthy
A: almost no armour, amphibious, 8 rings, constrict 8, camouflage 1, gelatinous
body 1
a: Bend Time, Temporal Distortion, Slouch, Renounce Religion, Evoke Flight,
Evoke Teleport Control


You were on level 5 of the Lair of Beasts.
You worshipped Cheibriados.
Cheibriados was greatly pleased with you.
You were not hungry.

You visited 3 branches of the dungeon, and saw 14 of its levels.

You collected 444 gold pieces.

Inventory:

Hand weapons
 a - a +1,+0 quarterstaff of venom (weapon)
 x - a cursed -2,-3 battleaxe
 S - a +0,+0 quarterstaff
Armour
 c - a +1 hat
 E - a +0 large shield
 M - a +2 hat (worn)
Comestibles
 f - 4 bread rations
 g - a beef jerky
 h - 3 meat rations
 o - 14 fruits
 z - 2 royal jellies
 Q - 3 slices of pizza
 R - 4 rotting chunks of hippogriff flesh
Scrolls
 d - a scroll of enchant armour
 i - a scroll of amnesia
 k - 2 scrolls of blinking
 p - 7 scrolls of remove curse
 s - a scroll of enchant weapon I
 t - a scroll of immolation
 v - a scroll of fog
 y - 3 scrolls of teleportation
 D - 2 scrolls of recharging
 O - a scroll of vulnerability
Jewellery
 b - a +4 ring of protection (left tentacle)
 e - a ring of regeneration (on tentacle)
 l - a ring of teleport control (right tentacle)
 n - a +4 ring of evasion (on tentacle)
 C - a ring of stealth (on tentacle)
 G - a ring of positive energy (on tentacle)
 J - a ring of flight (on tentacle)
 T - a ring of see invisible (on tentacle)
Potions
 j - 3 potions of curing
 q - 2 potions of agility {unknown}
 r - 2 potions of might {unknown}
 u - a potion of flight
 w - a potion of haste
 F - a potion of restore abilities
 H - a potion of lignification
 I - a potion of magic
 K - 2 potions of brilliance {unknown}
 L - a potion of cure mutation {unknown}
 N - 2 potions of heal wounds {unknown}
Books
 A - a book of Conjurations

   Spells                             Type                      Level
   Magic Dart                         Conjuration                  1
   Searing Ray                        Conjuration                  2
   Dazzling Spray                     Conjuration/Hexes            3
   Fulminant Prism                    Conjuration/Hexes            4
   Iskenderun's Mystic Blast          Conjuration                  4
   Iskenderun's Battlesphere          Conjuration/Charms           5
 B - a book of Wizardry

   Spells                             Type                      Level
   Agony                              Necromancy                   5
   Force Lance                        Conjuration                  5
   *Dispersal                         Translocation                6
   Haste                              Charms                       6
   Invisibility                       Hexes                        6
   Spellforged Servitor               Conjuration/Summoning        7
Miscellaneous
 m - a plain deck of summonings
 P - a disc of storms


   Skills:
 * Level 3.2 Fighting
 + Level 11.4 Staves
 - Level 2.0 Throwing
 - Level 11.7 Dodging
 + Level 7.0 Invocations


You had 4 spell levels left.
You knew the following spells:

 Your Spells              Type           Power        Failure   Level  Hunger
a - Dispersal             Tloc           #.........   100%        6    #######


Dungeon Overview and Level Annotations

Branches:
Dungeon (8/15)             Temple (1/1) D:5            Lair (5/8) D:8
  Swamp: Lair:3-6    Shoals: Lair:3-6     Snake: Lair:3-6    Spider: Lair:3-6

Altars:
Ashenzari
Cheibriados
Dithmenos
Elyvilon
Fedhas
Gozag
Kikubaaqudgha
Makhleb
Nemelex Xobeh
Okawaru
Qazlal
Sif Muna
Trog
Vehumet
Xom
Yredelemnul
Zin
The Shining One

Annotations:
Lair:4 Harold


Innate Abilities, Weirdness & Mutations

You cannot wear most types of armour.
You are amphibious.
You can wear up to eight rings at the same time.
You can use your tentacles to constrict many enemies at once.
Your skin changes colour to match your surroundings (Stealth).
Your rubbery body absorbs attacks (AC +1).


Message History

The spiny frog stings you!!
You hit the spiny frog. You squeeze the spiny frog!
The spiny frog is moderately wounded.
You constrict the spiny frog, but do no damage.
You feel sick. The spiny frog stings you!
* * * LOW HITPOINT WARNING * * *
You are more poisoned.
The spiny frog poisons you!
Drink which item? (? for menu, Esc to quit)
You feel better.
It was a potion of curing.
You constrict the spiny frog. The spiny frog misses you.
You sock the spiny frog! You squeeze the spiny frog.
The spiny frog is severely wounded.
You constrict the spiny frog. The spiny frog stings you!!
* * * LOW HITPOINT WARNING * * *
You are poisoned.
The spiny frog poisons you!
Drink which item? (? for menu, Esc to quit)
You feel better.
You constrict the spiny frog! The spiny frog stings you!
You die...

....#...%......####.........
.... #..........##.#.........
..#................%.........
............>..............
###..P........+...#........
##P.........#.####..#P+##
##..........## ##...#
###..P'....# #..# ##..@##.##
.# #.#F#### #+....#
..........P# P.........#
...........# P........P..#
...........# ..≈≈≈≈≈≈..#


You could see a spiny frog.

Vanquished Creatures
  The ghost of lrvs the Arsonist, a powerful DgFE (Lair:4)
  5 black mambas
  2 spiny frogs
  2 komodo dragons
  4 blink frogs (Lair:4)
  A basilisk (Lair:2)
  A shark (Lair:3)
  A fire elemental (Lair:3)
  A yak (Lair:4)
  Eustachio (D:4)
  2 wyverns
  A hippogriff (Lair:4)
  A porcupine (Lair:2)
  4 water moccasins
  2 ogres
  2 phantoms
  A boring beetle (Lair:3)
  A centaur (D:8)
  A necrophage (D:5)
  4 crocodiles
  A big kobold (D:7)
  3 giant slugs
  10 giant frogs
  A quasit (D:7)
  A crimson imp (D:8)
  An orc priest (D:5)
  A big fish (Lair:3)
  4 hounds
  2 jellies
  A giant frog skeleton (D:4)
  5 orc wizards
  3 worker ants (D:7)
  5 iguanas
  A big kobold zombie (D:6)
  Ijyb (D:2)
  A worker ant zombie (D:5)
  8 adders
  21 green rats (Lair:1)
  2 worms
  An ooze (D:2)
  14 orcs
  2 ball pythons (D:4)
  5 giant cockroaches
  7 goblins
  6 hobgoblins
  10 jackals
  15 kobolds
  A quokka (D:2)
  15 bats
  2 giant geckos (D:4)
  A giant gecko skeleton (D:4)
  4 giant newts
  A kobold zombie (D:7)
  10 rats
  A fungus (D:8)
205 creatures vanquished.

Vanquished Creatures (others)
  An orc wizard (D:8)
1 creature vanquished.

Grand Total: 206 creatures vanquished

Notes
Turn   | Place    | Note
--------------------------------------------------------------
     0 | D:1      | SlowMonk, the Octopode Gladiator, began the quest for the Orb.
     0 | D:1      | Reached XP level 1. HP: 14/14 MP: 1/1
   128 | D:1      | Reached XP level 2. HP: 9/19 MP: 2/2
   193 | D:2      | Noticed Ijyb
   206 | D:2      | Killed Ijyb
   206 | D:2      | Reached skill level 4 in Staves
   206 | D:2      | Reached XP level 3. HP: 13/24 MP: 3/3
   349 | D:2      | Found a glowing golden altar of the Shining One.
   355 | D:2      | Found an opulent altar of Gozag.
   366 | D:2      | Reached XP level 4. HP: 29/29 MP: 4/4
   424 | D:2      | Reached skill level 5 in Staves
   488 | D:3      | Reached XP level 5. HP: 10/34 MP: 5/5
   746 | D:4      | Reached skill level 6 in Staves
   909 | D:4      | Noticed Eustachio
   914 | D:4      | Killed Eustachio
   914 | D:4      | Reached skill level 7 in Staves
   914 | D:4      | Reached XP level 6. HP: 24/39 MP: 6/6
  1181 | D:5      | Entered Level 5 of the Dungeon
  1286 | D:5      | Found a staircase to the Ecumenical Temple.
  1295 | Temple   | Entered the Ecumenical Temple
  1311 | Temple   | Became a worshipper of Cheibriados the Contemplative
  1366 | D:5      | Reached XP level 7. HP: 45/45 MP: 7/7
  1370 | D:5      | Reached skill level 1 in Invocations
  1691 | D:6      | Reached skill level 8 in Staves
  1875 | D:7      | Reached XP level 8. HP: 36/50 MP: 12/12
  1923 | D:7      | Learned a level 6 spell: Dispersal
  1979 | D:7      | Reached skill level 5 in Dodging
  2353 | D:8      | Reached skill level 9 in Staves
  2362 | D:8      | Reached XP level 9. HP: 54/54 MP: 14/14
  2467 | D:8      | Found a staircase to the Lair.
  2513 | Lair:1   | Entered Level 1 of the Lair of Beasts
  2513 | Lair:1   | Noticed a black mamba
  2684 | Lair:1   | Acquired Cheibriados' first power
  2777 | Lair:1   | Killed a black mamba
  3044 | Lair:3   | Noticed a komodo dragon
  3099 | Lair:2   | Reached skill level 10 in Staves
  3174 | Lair:2   | Noticed a black mamba
  3246 | Lair:2   | Killed a black mamba
  3246 | Lair:2   | Reached XP level 10. HP: 50/60 MP: 15/17
  3247 | Lair:2   | Acquired Cheibriados' second power
  3358 | Lair:3   | Noticed a spiny frog
  3366 | Lair:3   | Killed a spiny frog
  3482 | Lair:3   | Reached skill level 10 in Dodging
  3498 | Lair:3   | Noticed a black mamba
  3506 | Lair:3   | Killed a black mamba
  3506 | Lair:3   | Reached skill level 5 in Invocations
  3561 | Lair:3   | Killed a komodo dragon
  3725 | Lair:4   | Noticed Harold
  3755 | Lair:4   | Noticed lrvs' ghost (powerful DgFE)
  3790 | Lair:4   | Killed lrvs' ghost
  3790 | Lair:4   | Reached skill level 11 in Staves
  3798 | Lair:4   | Reached XP level 11. HP: 30/64 MP: 10/21
  3879 | Lair:4   | Noticed a black mamba
  3884 | Lair:4   | Killed a black mamba
  3972 | Lair:4   | Noticed a black mamba
  3980 | Lair:4   | Killed a black mamba
  4226 | Lair:5   | HP: 2/67 [spiny frog (19)]
  4227 | Lair:5   | Mangled by a spiny frog

Action                   |  1- 3 |  4- 6 |  7- 9 | 10-12 || total
-------------------------+-------+-------+-------+-------++-------
Melee: Quarterstaff      |    54 |    97 |   244 |   150 ||   545
Throw: Throwing net      |     1 |       |     4 |     1 ||     6
       Javelin           |       |       |    12 |     4 ||    16
Invok: Bend Time         |       |       |       |     7 ||     7
       Slouch            |       |       |       |     2 ||     2
Evoke: Wand              |       |       |     2 |     3 ||     5
  Use: Scroll            |       |       |    16 |     5 ||    21
       Potion            |       |       |       |     2 ||     2
 Stab: Sleeping          |     3 |     7 |    13 |     4 ||    27
       Held in net/web   |     1 |       |     2 |     2 ||     5
